 Dungeon Crawl Stone Soup version 0.29.1-13-g9f3cf754e1 (webtiles) character file.

Game seed: 11901086706125144059

171 cheesebisquit the Shooter (level 5, 0/63 HPs)
             Began as a Minotaur Hunter on Jan 21, 2023.
             Succumbed to a scorpion's poison
             ... on level 4 of the Dungeon.
             The game lasted 00:10:08 (3577 turns).

cheesebisquit the Shooter (Minotaur Hunter)         Turns: 3577, Time: 00:10:09

Health: 0/63       AC: 22    Str: 15    XL:     5   Next: 26%
Magic:  4/4        EV:  2    Int:  6    God:
Gold:   165        SH:  0    Dex: 16    Spells: 4/4 levels left

rFire   . . .      SeeInvis .   a - +0 shortbow
rCold   . . .      Faith    .   (shield currently unavailable)
rNeg    . . .      Spirit   .   (body armour currently unavailable)
rPois   +          Reflect  .   (helmet currently unavailable)
rElec   .          Harm     .   (cloak currently unavailable)
rCorr   .          Rampage  .   (gloves currently unavailable)
Will    .....      NoTele   +   (boots currently unavailable)
Stlth   ++........              (no amulet)
HPRegen 0.20/turn               (no ring)
MPRegen 0.09/turn               (no ring)

@: lethally poisoned (0 -> -11), tree-form
A: stationary, stasis, torment immunity, boosted hp, (horns 2), (retaliatory
headbutt)
a: no special abilities


You were on level 4 of the Dungeon.
You were a tree.
You visited 1 branch of the dungeon, and saw 4 of its levels.

You collected 165 gold pieces.

Inventory:

Hand Weapons
 a - a +0 shortbow (weapon)
Armour
 c - a +2 scale mail of fire resistance
 o - a +2 leather armour of cold resistance (melded)
Wands
 n - a wand of light (7)
Scrolls
 b - a scroll of immolation
 d - 3 scrolls of identify
 i - 2 scrolls of blinking
Potions
 h - a potion of mutation {unknown}
 j - a potion of might {unknown}
 l - a potion of flight
 m - 2 potions of degeneration


   Skills:
 - Level 2.4 Fighting
 + Level 7.2 Ranged Weapons
 - Level 2.1 Dodging
 - Level 0.7 Stealth


You had 4 spell levels left.
You didn't know any spells.
Your spell library was empty.

Dungeon Overview and Level Annotations

Branches:
Dungeon (4/15)             Temple (0/1) D:4

Altars:

Annotations:
D:3 2 runed translucent doors, sigtrap's ghost, weakling GnFi


Innate Abilities, Weirdness & Mutations

You are a tree.
Your roots penetrate the ground, keeping you stationary.
You cannot be teleported.
You are immune to unholy pain and torment.
Your maximum health is greatly increased.
Your equipment is partially melded.
((You have a pair of horns on your head.))
((You reflexively headbutt those who attack you in melee.))


Message History

Fire: a) +0 shortbow
Press: ? - help, Q - select action, (/) - cycle Shift-Dir - straight line, f/p - scorpion
Aim: a scorpion (moderately wounded, 64% to hit)
You shoot an arrow. The arrow hits the scorpion.
The scorpion is moderately wounded.
You feel sick. The scorpion closely misses you. You furiously retaliate!
You headbutt the scorpion!
A giant cockroach comes into view.
Fire: a) +0 shortbow
Press: ? - help, Q - select action, (/) - cycle Shift-Dir - straight line, f/p - scorpion
Aim: a scorpion (almost dead, 64% to hit)
You shoot an arrow.
The arrow hits the scorpion but does no damage.
The scorpion is almost dead.
You feel sick. The scorpion stings you.
* * * LOW HITPOINT WARNING * * *
The scorpion stings you.
* * * LOW HITPOINT WARNING * * *
You are lethally poisoned!
The scorpion poisons you!
Fire: a) +0 shortbow
Press: ? - help, Q - select action, (/) - cycle Shift-Dir - straight line, f/p - scorpion
Aim: a scorpion (almost dead, 64% to hit)
Okay, then.
Okay, then.
Fire: a) +0 shortbow
Press: ? - help, Q - select action, (/) - cycle Shift-Dir - straight line, f/p - scorpion
Aim: a scorpion (almost dead, 64% to hit)
You shoot an arrow. The arrow hits the scorpion.
You kill the scorpion!
* * * LOW HITPOINT WARNING * * *
You feel very sick.
The jackal bites you but does no damage.
Your Ranged Weapons skill increases to level 7!
You have reached level 5!
Okay, then.
It was a potion of lignification.
You turn into a tree.
Your +2 leather armour of cold resistance melds into your body.
You feel less resistant to cold.
Your roots penetrate the ground.
You die...

#.##..<.####
#.##.#.....# #
#.##....##.# ##
#.###.#.##.## ##.
#.......#...###..
######.###........
#............#####
#.#######.#### #
#♣# #.# #
#.####h### #.# #
#....BhB.# #.#
#..##..†#..# #..
..#.#....# #..
#....#..#.# #..
..#....##h.......
... ..>. ..... #.!
##... .#..


You could see 2 jackals and 2 giant cockroaches.

Vanquished Creatures
  A scorpion (D:4)
  An orc priest (D:3)
  2 adders (D:3)
  2 dart slugs
  4 orcs (D:3)
  3 endoplasms
  4 giant cockroaches
  6 goblins
  4 hobgoblins
  5 jackals
  6 kobolds
  2 quokkas
  3 ball pythons
  3 bats
  3 frilled lizards
  2 rats
51 creatures vanquished.

Notes
Turn   | Place    | Note
-------+----------+-------------------------------------------
     0 | D:1      | cheesebisquit the Minotaur Hunter began the quest for the
                  | Orb.
     0 | D:1      | Reached XP level 1. HP: 18/18 MP: 0/0
   390 | D:1      | Reached XP level 2. HP: 25/25 MP: 1/1
   510 | D:1      | Reached skill level 5 in Ranged Weapons
   888 | D:2      | Found a faded altar of an unknown god.
  1381 | D:2      | Reached XP level 3. HP: 27/30 MP: 2/2
  2416 | D:3      | Reached skill level 6 in Ranged Weapons
  2590 | D:3      | Reached XP level 4. HP: 34/37 MP: 3/3
  2738 | D:3      | Found a runed translucent door.
  2755 | D:3      | Found a runed translucent door.
  2757 | D:3      | Noticed sigtrap's ghost (weakling GnFi)
  3563 | D:4      | Found a staircase to the Ecumenical Temple.
  3565 | D:4      | Noticed a scorpion
  3576 | D:4      | Killed a scorpion
  3576 | D:4      | HP: 1/37 [poisoned by a scorpion]
  3577 | D:4      | Reached skill level 7 in Ranged Weapons
  3577 | D:4      | Reached XP level 5. HP: 1/42 MP: 4/4
  3577 | D:4      | Succumbed to a scorpion's poison

Illustrated notes

Levels and vault maps discovered:
D:1:      minmay_arrival_plants_in_alcoves, layout_loops_ring
D:2:      mumra_celtic_spiral_tile, layout_basic, nicolae_ecumenical_pavilion,
          grunt_decor_arrowhead
D:3:      layout_loops_cross, ebering_ghost_sewer_f
D:4:      layout_loops_corners, nicolae_gozag_cash_rules_everything_around_me,
          minmay_temple_entry_mini_moons, uniq_robin

Skill      XL: |  1  2  3  4 |
---------------+-------------+-----
Ranged Weapons | 5 6 7 |  7.2
Fighting       | |  2.4
Dodging        | |  2.1
Stealth        | |  0.7

Action                   |  1- 3 |  4- 6 || total
-------------------------+-------+-------++-------
Melee: Shortbow          |       |     1 ||     1
 Fire: Shortbow          |   119 |    58 ||   177
  Use: Potion            |       |     5 ||     5
       Scroll            |       |     4 ||     4
Armor: Leather armour    |    11 |    16 ||    27
Dodge: Dodged            |    41 |    11 ||    52
